 Dungeon Crawl Stone Soup version 0.24.0-1-gfbc8707122 (webtiles) character file.

Game seed: 302683238203229061, levelgen mode: deterministic

1143 DavidChitty2 the Cleaver (level 8, -1/70 HPs)
             Began as a Hill Orc Fighter on Oct 26, 2019.
             Was a Follower of Beogh.
             Slain by Menkaure (10 damage)
             ... on level 5 of the Dungeon.
             The game lasted 00:06:19 (5381 turns).

DavidChitty2 the Cleaver (Hill Orc Fighter)         Turns: 5381, Time: 00:06:19

Health: -1/70      AC: 11    Str: 21    XL:     8   Next: 37%
Magic:  11/11      EV:  6    Int:  8    God:    Beogh [*.....]
Gold:   224        SH: 10    Dex: 10    Spells: 7/7 levels left

rFire    . . .     SeeInvis .   a - +1 war axe
rCold    . . .     Gourm    .   c - +0 shield
rNeg     . . .     Faith    .   o - +0 chain mail
rPois    .         Spirit   .   (no helmet)
rElec    .         Reflect  .   q - +0 cloak
rCorr    .         Harm     .   (no gloves)
MR       .....                  (no boots)
Stlth    ..........             (no amulet)
HPRegen  0.21/turn              (no ring)
MPRegen  0.12/turn              (no ring)

@: no status effects
A: no striking features
a: Renounce Religion


You were on level 5 of the Dungeon.
You worshipped Beogh.
Beogh was aware of your devotion.
You were not hungry.

You visited 1 branch of the dungeon, and saw 5 of its levels.

You collected 224 gold pieces.

Inventory:

Hand Weapons
 a - a +1 war axe (weapon)
 i - a +2 glaive of flaming
   (You took it off Blork the orc on level 4 of the Dungeon)
 u - a +0 broad axe
   (You found it on level 5 of the Dungeon)
Missiles
 l - 23 poisoned darts (quivered)
Armour
 c - a +0 shield (worn)
 o - a +0 chain mail (worn)
   (You found it on level 4 of the Dungeon)
 q - a +0 cloak (worn)
   (You took it off Crazy Yiuf on level 2 of the Dungeon)
Wands
 t - a wand of flame (5)
   (You took it off Crazy Yiuf on level 2 of the Dungeon)
 v - a wand of digging (2)
   (You took it off Duvessa on level 4 of the Dungeon)
Scrolls
 g - 4 scrolls of remove curse {@r2}
 h - 2 scrolls of fear
 j - a scroll of enchant weapon
 k - a scroll of teleportation {@r4}
 w - a scroll of noise {unknown}
Potions
 b - a potion of heal wounds {unknown}
 d - a potion of might
 f - a potion of agility
 m - 2 potions of flight
 n - a potion of berserk rage
 p - a potion of brilliance
 r - 2 potions of curing {@q1}
 s - a potion of mutation {!q}
Comestibles
 e - 4 rations {!d}
 x - a chunk of flesh


   Skills:
 + Level 6.0 Fighting
 * Level 8.1 Axes
 + Level 5.5 Armour
 + Level 5.4 Shields
 + Level 4.0 Invocations


You had 7 spell levels left.
You didn't know any spells.
Your spell library was empty.

Dungeon Overview and Level Annotations

Branches:
Dungeon (5/15)
 Temple: D:4-7

Altars:
Elyvilon
Xom

Annotations:
D:5 Menkaure


Message History

You resist with some effort. You block the orc wizard's attack.
You hear a shout!
You closely miss the orc wizard.
A centaur comes into view.
The orc wizard hits you but does no damage.
The orc wizard casts a spell.
The orc wizard blinks!
Menkaure, Prince of Dust comes into view.
Menkaure shouts!
You block the centaur's attack.
The orc wizard mumbles some strange words.
The orc wizard blinks!
The orc wizard picks up a scroll labeled BYITOT CIATZOPP.
The centaur hits you but does no damage.
You see here a +1 war axe of chopping.
You hit the orc wizard. You slash the centaur!
The orc wizard hits you but does no damage.
You block the centaur's attack.
The orc wizard hits you but does no damage.
You hit the orc wizard. You hit the centaur but do no damage. You hit Menkaure.
The centaur hits you but does no damage.
The orc wizard gestures wildly while chanting.
The orc wizard blinks!
The centaur hits you but does no damage.
You block Menkaure's attack.
You hit the centaur. You hit Menkaure but do no damage.
You block the centaur's attack.
The orc wizard gestures wildly while chanting.
The orc wizard blinks!
The centaur closely misses you.
Menkaure calls on the powers of darkness!
The centaur convulses!
Your body is wracked with pain!
* * * LOW HITPOINT WARNING * * *
The orc wizard convulses!
The orc wizard hits you but does no damage.
You closely miss the centaur. You completely miss Menkaure.
You hit the orc wizard.
The centaur hits you but does no damage.
The orc wizard hits you but does no damage.
Menkaure hits you!!
* * * LOW HITPOINT WARNING * * *
You feel better. The centaur hits you.
* * * LOW HITPOINT WARNING * * *
The orc wizard points at you and mumbles some strange words.
You resist with some effort. The centaur barely misses you.
The orc wizard gestures wildly while chanting.
The orc wizard blinks!
You slash Menkaure! You closely miss the centaur. The centaur hits you!
* * * LOW HITPOINT WARNING * * *
Menkaure hits you!
You die...

######.......#
........##.#.# .#
######..##.# .# ###
#..##.# .. .
######..##.# .# ..
.'_'.......# .###.>.
##+###..#..# .....
#.# #..#..######..#
##.###.....o...ยง@c.#
........#..######M.#
####....#..# .## #
#[####..# .# #.# #..#
.# ####.####..# .#
...........# .#
####.#####.# .# #.#
#.#


You could see Menkaure, a centaur and an orc wizard.

Vanquished Creatures
  Sigmund (D:3)
  Duvessa (D:4)
  A phantom (D:4)
  An ogre (D:4)
  Blork the orc (D:4)
  Dowan (D:4)
  2 scorpions (D:4)
  A hound (D:4)
  Crazy Yiuf (D:2)
  2 orc priests (D:4)
  2 orc wizards
  Jessica (D:3)
  3 worker ants
  A hound skeleton (D:5)
  A howler monkey skeleton (D:4)
  9 adders
  2 adder skeletons
  2 worms (D:3)
  5 dart slugs
  2 leopard geckos (D:3)
  17 orcs
  4 ball pythons
  2 giant cockroaches
  3 goblins (D:1)
  11 hobgoblins
  2 jackals (D:4)
  2 quokkas (D:3)
  9 bats
  4 frilled lizards
  A kobold (D:1)
  2 quokka skeletons (D:4)
  8 rats
105 creatures vanquished.

Vanquished Creatures (others)
  An adder (D:3)
  4 orcs (D:3)
  A bat (D:3)
  2 giant cockroaches (D:3)
  A kobold (D:3)
9 creatures vanquished.

Grand Total: 114 creatures vanquished

Notes
Turn   | Place    | Note
-------+----------+-------------------------------------------
     0 | D:1      | DavidChitty2 the Hill Orc Fighter began the quest for the
                  | Orb.
     0 | D:1      | Reached XP level 1. HP: 19/19 MP: 1/1
    58 | D:1      | Reached skill level 3 in Axes
    71 | D:1      | Reached XP level 2. HP: 19/27 MP: 2/2
   677 | D:1      | Reached XP level 3. HP: 33/33 MP: 3/3
  1197 | D:2      | Reached skill level 4 in Axes
  1575 | D:2      | Reached XP level 4. HP: 35/40 MP: 4/4
  1597 | D:2      | Found a runed translucent door.
  1598 | D:2      | Noticed Crazy Yiuf
  1753 | D:2      | Killed Crazy Yiuf
  2204 | D:3      | Reached XP level 5. HP: 41/47 MP: 5/5
  2266 | D:3      | Became a worshipper of Beogh the Brigand
  2408 | D:3      | Noticed Sigmund
  2430 | D:3      | Killed Sigmund
  2430 | D:3      | Reached skill level 5 in Axes
  2430 | D:3      | Reached skill level 1 in Invocations
  2430 | D:3      | Reached XP level 6. HP: 5/55 MP: 5/7
  3041 | D:3      | Noticed Jessica
  3064 | D:3      | Killed Jessica
  3252 | D:4      | Noticed Duvessa
  3270 | D:4      | Noticed Dowan
  3375 | D:4      | Killed Duvessa
  3375 | D:4      | Reached skill level 5 in Fighting
  3375 | D:4      | Reached skill level 6 in Axes
  3375 | D:4      | Reached XP level 7. HP: 43/61 MP: 8/8
  3378 | D:4      | Killed Dowan
  3636 | D:4      | Reached * piety under Beogh
  3814 | D:4      | Reached skill level 7 in Axes
  3814 | D:4      | Reached skill level 5 in Armour
  3814 | D:4      | Reached skill level 5 in Shields
  4011 | D:4      | Noticed Blork the orc
  4020 | D:4      | Killed Blork the orc
  4142 | D:4      | Found a white marble altar of Elyvilon.
  4151 | D:4      | Reached XP level 8. HP: 61/69 MP: 10/10
  4619 | D:4      | Reached skill level 8 in Axes
  5200 | D:5      | Entered Level 5 of the Dungeon
  5326 | D:5      | Found a shimmering altar of Xom.
  5375 | D:5      | Noticed Menkaure
  5381 | D:5      | Slain by Menkaure

Levels and vault maps discovered:
D:1:      minmay_arrival_plants_in_alcoves, layout_basic
D:2:      layout_basic, first_ration, uniq_crazy_yiuf_cottage
D:3:      layout_basic, uniq_jessica, uniq_sigmund
D:4:      minmay_recursive_quarters, layout_layer_cave, lemuel_crystal_altar,
          moated_statue, uniq_duvessa, uniq_blork_the_orc
D:5:      layout_loops_ring, lemuel_doored_altar, portal_sewer_entry_a,
          uniq_menkaure

Skill      XL: |  1  2  3  4  5  6  7  8 |
---------------+-------------------------+-----
Axes           | 3 4 5 6 7 8 |  8.1
Fighting       | 4 5 6 |  6.0
Armour         | 4 5 |  5.5
Shields        | 4 5 |  5.4
Invocations    | 1 2 3 4 |  4.0

Action                   |  1- 3 |  4- 6 |  7- 9 || total
-------------------------+-------+-------+-------++-------
Melee: War axe           |   133 |    89 |   161 ||   383
Invok: Convert to Beogh  |       |     1 |       ||     1
  Use: Potion            |       |     1 |     1 ||     2
       Scroll            |       |    10 |     2 ||    12
  Eat: Chunk             |     2 |     6 |     3 ||    11
       Ration            |       |       |     1 ||     1
Armor: Scale mail        |    60 |    39 |     4 ||   103
       Chain mail        |       |       |    70 ||    70
Dodge: Dodged            |    39 |    29 |    32 ||   100
Block: Shield            |    72 |    35 |    81 ||   188
